 Dungeon Crawl Stone Soup version 0.29-a0-88-g03a7b78be7 (webtiles) character file.

Game seed: 14818103698758967348

126 dmks the Firebug (level 4, -1/33 HPs)
             Began as a Draconian Fire Elementalist on Feb 5, 2022.
             Slain by Terence (4 damage)
             ... on level 2 of the Dungeon.
             The game lasted 00:05:26 (3077 turns).

dmks the Firebug (Draconian Fire Elementalist)      Turns: 3077, Time: 00:05:27

Health: -1/33      AC:  5    Str: 10    XL:     4   Next: 83%
Magic:  1/8        EV: 12    Int: 17    God:
Gold:   98         SH:  0    Dex: 12    Spells: 5/8 levels left

rFire   . . .      SeeInvis .   (no weapon)
rCold   . . .      Faith    .   (no shield)
rNeg    . . .      Spirit   .   (armour unavailable)
rPois   .          Reflect  .   (helmet restricted)
rElec   .          Harm     .   (no cloak)
rCorr   .          Rampage  .   (no gloves)
Will    .....                   (no boots)
Stlth   ++........              (no amulet)
HPRegen 0.11/turn               (no ring)
MPRegen 0.11/turn               (no ring)

@: no status effects
A: AC +5, unfitting armour, cold-blooded
a: no special abilities


You were on level 2 of the Dungeon.
You visited 1 branch of the dungeon, and saw 4 of its levels.

You collected 98 gold pieces.

Inventory:

Armour
 j - a +0 pair of gloves
   (You found it on level 2 of the Dungeon)
Wands
 d - a wand of iceblast (8)
   (You found it on level 3 of the Dungeon)
Scrolls
 a - a scroll of magic mapping
 b - a scroll of teleportation {unknown}
 e - a scroll of amnesia {unknown}
 h - 2 scrolls of identify {unknown}
 k - a scroll of noise {unknown}
 m - a scroll of fear {unknown}
 o - a scroll of immolation {unknown}
Potions
 c - a potion of attraction {unknown}
 f - a potion of degeneration {unknown}
 g - a potion of mutation {unknown}
 i - 3 potions of might {unknown}
 l - 3 potions of curing {unknown}
 n - a potion of flight {unknown}


   Skills:
 - Level 1.7 Dodging
 - Level 1.7 Stealth
 + Level 2.7 Spellcasting
 * Level 3.0 Conjurations
 * Level 4.2 Fire Magic


You had 5 spell levels left.
You knew the following spells:

 Your Spells              Type           Power      Damage    Failure   Level
a - Foxfire               Conj/Fire      56%        2x1d6     4%          1
b - Scorch                Fire           32%        2d7       4%          2

Your spell library contained the following spells:

 Spells                   Type           Power      Damage    Failure   Level
 Conjure Flame            Conj/Fire      14%        6-21      12%         3
 Inner Flame              Hex/Fire       9%         N/A       22%         3
 Flame Wave               Conj/Fire      14%        2d6       38%         4


Dungeon Overview and Level Annotations

Branches:
Dungeon (4/15)
 Temple: D:4-7

Altars:

Annotations:
D:2 Terence
D:3 Grinder


Innate Abilities, Weirdness & Mutations

Your plain brown scales are hard. (AC +5)
You cannot fit into any form of body armour.
You are cold-blooded and may be slowed by cold attacks.


Message History

Nothing appears to happen.
There is a stone staircase leading up here.
Terence hits you with a +0 short sword!
You climb upwards.
There is a stone staircase leading down here.
Terence misses you.
Terence bares his teeth.
Your magical contamination has completely faded away.
There is an escape hatch in the ceiling here.
Flames lash Terence.
Terence's fire resistance burns away.
Terence hits you with a +0 short sword!
* * * LOW HITPOINT WARNING * * *
Terence is no longer more vulnerable to fire.
Flames lash Terence.
Terence's fire resistance burns away.
Terence closely misses you. Terence barely misses you.
You don't have enough magic to cast this spell.
You conjure some foxfire!
Terence is no longer more vulnerable to fire.
Terence hits you with a +0 short sword.
* * * LOW HITPOINT WARNING * * *
The foxfire hits Terence.
The foxfire hits Terence but does no damage.
Terence hits you with a +0 short sword.
* * * LOW HITPOINT WARNING * * *
Really walk into that teleport trap?
You enter a teleport trap!
The teleport trap disappears.
Your surroundings suddenly seem different.
You start resting.
You start resting.
Terence is nearby!
You conjure some foxfire!
The foxfire hits Terence but does no damage.
You can't see any susceptible monsters within range! (Use Z to cast anyway.)
You conjure some foxfire!
The foxfire hits Terence but does no damage. x2
Flames lash Terence.
Terence's fire resistance burns away.
Terence hits you with a +0 short sword. Terence hits you with a +0 short sword.
Flames lash Terence but do no damage.
Terence hits you with a +0 short sword.
* * * LOW HITPOINT WARNING * * *
Terence is no longer more vulnerable to fire.
Terence hits you with a +0 short sword.
* * * LOW HITPOINT WARNING * * *
Flames lash Terence.
Terence's fire resistance burns away.
Terence hits you with a +0 short sword.
* * * LOW HITPOINT WARNING * * *
Terence hits you with a +0 short sword.
You die...

###### #...# #......#######
####### ###..## ##)##.........
......# ##....# #.###.#######
.....)####..##.######.###.## #
......##>..##..#...........##
.........###................##
.........###............[....####
......##.........................
......#####.....@@...........##..
####### #...##...............#..#
##.#.##................... ###
#..#..................#### ..#
#.##...................... ..#
#.#..............(........
..######.............<.###.......
.................................
..###..............#######.......


You could see Terence (combustible).

Vanquished Creatures
  9 adders
  A gnoll (D:3)
  A worm (D:2)
  A dart slug (D:2)
  2 ball pythons (D:1)
  An endoplasm (D:1)
  A giant cockroach (D:3)
  3 goblins (D:2)
  2 hobgoblins
  A quokka (D:1)
  2 bats
  A frilled lizard (D:3)
  8 kobolds
  3 rats
36 creatures vanquished.

Vanquished Creatures (others)
  201 foxfires
201 creatures vanquished.

Grand Total: 237 creatures vanquished

Notes
Turn   | Place    | Note
-------+----------+-------------------------------------------
     0 | D:1      | dmks the Draconian Fire Elementalist began the quest for
                  | the Orb.
     0 | D:1      | Reached XP level 1. HP: 14/14 MP: 3/3
   774 | D:1      | Reached XP level 2. HP: 20/20 MP: 3/5
  1396 | D:2      | Reached XP level 3. HP: 26/26 MP: 3/6
  1585 | D:2      | You fall into a shaft and drop 2 floors!
  1592 | D:3      | Noticed Grinder
  1622 | D:3      | Noticed Terence
  1784 | D:2      | Reached XP level 4. HP: 20/33 MP: 0/7
  2097 | D:2      | Reached skill level 4 in Fire Magic
  2600 | D:3      | Learned a level 2 spell: Scorch
  3077 | D:2      | Slain by Terence

Illustrated notes

Levels and vault maps discovered:
D:1:      nagdon_arrival_double_spiral, layout_basic, dk_noncrumbling_4,
          hangedman_abyss_or_decor_lesser_grid
D:2:      layout_rooms
D:3:      minmay_door_path, layout_loops_ring,
          chequers_ecumenical_altar_simple_redux, nrook_mini_backslash,
          uniq_terence, uniq_grinder
D:4:      nicolae_cairo_tiling_large, layout_basic, minmay_temple_entry_tees,
          nrook_mini_vaults, uniq_sigmund, uniq_edmund, uniq_eustachio

Skill      XL: |  1  2  3  4 |
---------------+-------------+-----
Conjurations   | 2 3 |  3.0
Fire Magic     | 4 |  4.2
Dodging        | |  1.7
Stealth        | |  1.7
Spellcasting   | |  2.7

Action                   |  1- 3 |  4- 6 || total
-------------------------+-------+-------++-------
Melee: Unarmed           |     2 |       ||     2
 Cast: Foxfire           |    72 |    49 ||   121
       Scorch            |       |     6 ||     6
  Use: Scroll            |     3 |       ||     3
Armor: Skin              |     8 |     5 ||    13
Dodge: Dodged            |    31 |    13 ||    44

Table legend: (Time is in decaauts)
 A = Elapsed time spent in this place.
 B = Non-inter-level travel time spent in this place.
 C = Inter-level travel time spent in this place.
 D = Time resting spent in this place.
 E = Time spent auto-exploring this place.
 F = Levels seen in this place.
 G = Mean time per level.
                   A        B        C        D        E       F      G
               +--------+--------+--------+--------+--------+-----+--------+
         Total |   3077 |   3061 |     16 |    146 |   2283 |   4 |  769.2 |
       Dungeon |   3077 |   3061 |     16 |    146 |   2283 |   4 |  769.2 |
               +--------+--------+--------+--------+--------+-----+--------+

Top non-repeatable levels by time:
     D:2: 1355 daAuts
     D:1: 1070 daAuts
     D:3: 645 daAuts
     D:4: 6 daAuts
